 Dungeon Crawl Stone Soup version 0.20-a0-681-gf83e07f (webtiles) character file.

211 Alarkh the Slasher (level 5, 0/41 HPs)
             Began as a Mummy Chaos Knight on Feb 18, 2017.
             Slain by a sky beast (6 damage)
             ... on level 4 of the Dungeon.
             The game lasted 00:02:21 (1816 turns).

Alarkh the Slasher (Mummy Chaos Knight)             Turns: 1816, Time: 00:02:22

Health: 0/41       AC:  6    Str: 15    XL:     5   Next: 57%
Magic:  5/5        EV: 11    Int: 12    God:    Xom [......]
Gold:   202        SH:  0    Dex: 12    Spells: 4/4 levels left

rFire    x . .     SeeInvis .   a - +0 falchion (chaos)
rCold    + . .     Gourm    .   c - +3 leather armour
rNeg     + + +     Faith    .   (no shield)
rPois    ∞         Spirit   .   (no helmet)
rElec    .         Reflect  .   (no cloak)
rCorr    .         Harm     .   (no gloves)
MR       .....                  (no boots)
Stlth    +.........             (no amulet)
Regen    0.2/turn               (no ring)
MPRegen  0.1/turn               (no ring)

@: no status effects
A: no food or potions, fire vulnerability, cold resistance 1, negative energy
resistance 3, torment resistance, unbreathing
a: Renounce Religion


You were on level 4 of the Dungeon.
You worshipped Xom.
You were a very special plaything of Xom.
You were not hungry.

You visited 1 branch of the dungeon, and saw 4 of its levels.

You collected 202 gold pieces.

Inventory:

Hand Weapons
 a - a +0 falchion of chaos (weapon)
Armour
 b - a +2 leather armour
 c - a +3 leather armour (worn)
Scrolls
 d - a scroll of enchant weapon {unknown}
 e - a scroll of fog {unknown}
 f - a scroll of fear {unknown}
 g - a scroll of noise
 h - 3 scrolls of teleportation
 i - a scroll of identify {unknown}
 j - a scroll of recharging {unknown}


   Skills:
 - Level 3.0 Fighting
 + Level 5.2 Long Blades
 - Level 1.5 Armour
 - Level 0.7 Dodging


You had 4 spell levels left.
You didn't know any spells.

Dungeon Overview and Level Annotations

Branches:
Dungeon (4/15)
 Temple: D:4-7

Altars:


Innate Abilities, Weirdness & Mutations

You do not eat or drink.
Your flesh is vulnerable to fire.
You are immune to poison.
Your flesh is cold resistant. (rC+)
You are immune to negative energy. (rN+++)
You are immune to unholy pain and torment.
You can survive without breathing.


Message History

* * * LOW HITPOINT WARNING * * *
You barely miss the sky beast.
The sky beast is severely wounded.
The sky beast flickers out of sight!
Deactivating autopickup; reactivate with Ctrl-A.
Something hits you but does no damage.
Found an escape hatch in the ceiling.
Something hits you.
* * * LOW HITPOINT WARNING * * *
Something shocks you.
* * * LOW HITPOINT WARNING * * *
A sky beast appears from thin air!
Reactivating autopickup. "Time to have some fun!"
You hit the sky beast.
The sky beast is almost dead.
The orange demon misses you. The sky beast hits you.
* * * LOW HITPOINT WARNING * * *
The sky beast shocks you.
You die...

#...# ### #...# #<#
#...# # #.# #...# ...
##+###.####...#..
....####.$...@..##...#
.#
..............Y.##...#
..
..(..........4.......#
.##
........#+##....≈....#
..# # ........#
#.........####.##..
........+
#..................
####....#
##.##......###.####
#....# ...##......#
#....# .....#
###########.###..#..


You could see an orange demon and a sky beast.

Vanquished Creatures
  An orc wizard (D:3)
  6 adders
  4 gnolls
  An ooze (D:3)
  2 worms (D:2)
  A dart slug (D:1)
  2 leopard geckos
  4 orcs (D:3)
  6 giant cockroaches
  8 goblins
  6 hobgoblins
  2 quokkas (D:2)
  6 bats
  4 frilled lizards
  10 kobolds
  10 rats
73 creatures vanquished.

Vanquished Creatures (others)
  A kobold (D:2)
1 creature vanquished.

Grand Total: 74 creatures vanquished

Notes
Turn   | Place    | Note
-------+----------+-------------------------------------------
     0 | D:1      | Alarkh the Mummy Chaos Knight began the quest for the Orb.
     0 | D:1      | Reached XP level 1. HP: 18/18 MP: 1/1
    77 | D:1      | Reached skill level 3 in Long Blades
    77 | D:1      | Reached XP level 2. HP: 15/24 MP: 2/2
   173 | D:1      | Reached XP level 3. HP: 16/29 MP: 3/3
   389 | D:1      | XOM: silly message
   506 | D:2      | XOM: smoke on damage
   608 | D:2      | Reached skill level 4 in Long Blades
   715 | D:2      | XOM: divination: detect creatures
   795 | D:2      | Reached XP level 4. HP: 21/35 MP: 4/4
  1277 | D:3      | XOM: harmless Hex miscast
  1285 | D:3      | Reached XP level 5. HP: 29/41 MP: 5/5
  1354 | D:3      | XOM: divination: detect items
  1368 | D:3      | Reached skill level 5 in Long Blades
  1404 | D:3      | XOM: summons 4 hostile shadow creatures
  1457 | D:3      | XOM: mild Chrm miscast
  1696 | D:3      | XOM: summons 2 hostile demons
  1766 | D:4      | Noticed a sky beast
  1815 | D:4      | XOM: summons 1 hostile demon
  1816 | D:4      | Noticed an orange demon
  1816 | D:4      | Slain by a sky beast

Vault maps used:
D:1:      nicolae_arrival_memento_mori, kennysheep_doodads
D:3:      kb_forest_paths, first_bread
D:4:      makhleb_blood_cavern_becter

Skill      XL: |  1  2  3  4  5 |
---------------+----------------+-----
Long Blades    | 3 4 5 |  5.2
Fighting       | |  3.0
Armour         | |  1.5
Dodging        | |  0.7

Action                   |  1- 3 |  4- 6 || total
-------------------------+-------+-------++-------
Melee: Falchion          |   108 |   141 ||   249
  Use: Scroll            |       |     2 ||     2
 Stab: Paralysed         |     1 |     3 ||     4
       Sleeping          |     1 |       ||     1
       Petrified         |       |     1 ||     1
Armor: Leather armour    |    43 |    55 ||    98
Dodge: Dodged            |    55 |    80 ||   135
       Rpst.: Falchion   |    21 |    29 ||    50
